 Dungeon Crawl Stone Soup version 0.31-a0-1547-g618ab1f346 (webtiles) character file.

Game seed: 2576034257896524340

660 Jannitor the Sneak (level 7, -1/56 HPs)
             Began as a Formicid Delver on Jan 2, 2024.
             Slain by a gnoll bouda
             ... wielding a +0 whip
              (2 damage)
             ... on level 4 of the Dungeon.
             The game lasted 00:13:43 (4809 turns).

Jannitor the Sneak (Formicid Delver)                Turns: 4809, Time: 00:13:43

Health: -1/56      AC:  8    Str: 19    XL:     7   Next: 86%
Magic:  7/7        EV: 11    Int:  9    God:
Gold:   205        SH:  0    Dex: 15    Spells: 6/6 levels left

rFire   . . .        d - +2 spear (vamp)
rCold   . . .        (no shield)
rNeg    . . .        s - +0 scale mail
rPois   .            (helmet unavailable)
rElec   .            (no cloak)
rCorr   +            l - +1 pair of gloves
SInv    +            (no boots)
Will    .....        (no amulet)
Stlth   ++           p - ring of resist corrosion
HPRegen 0.29/turn    (no ring)
MPRegen 0.10/turn

%: no passive effects
@: weakened
A: permanent stasis, dig shafts and tunnels, antennae 3, four strong arms
a: Dig, Shaft Self


You were on level 4 of the Dungeon.
You visited 1 branch of the dungeon, and saw 5 of its levels.

You collected 205 gold pieces.

Inventory:

Hand Weapons
 a - a +0 spear
 d - a +2 vampiric spear (weapon)
 r - a +1 trident
Missiles
 v - 2 poisoned darts (quivered)
 w - a throwing net
Armour
 b - a +0 leather armour
 l - a +1 pair of gloves (worn)
 o - a +0 ring mail
 s - a +0 scale mail (worn)
Jewellery
 p - a ring of resist corrosion (left hand)
Wands
 f - a wand of digging (3)
Scrolls
 c - a scroll of fog
 j - a scroll of enchant weapon
 m - a scroll of vulnerability
 n - a scroll of silence
 q - a scroll of enchant armour
Potions
 h - a potion of ambrosia
 i - 2 potions of attraction
 t - a potion of resistance {unknown}
 u - a potion of haste


   Skills:
 + Level 5.5 Fighting
 + Level 4.3 Polearms
 + Level 3.0 Armour
 + Level 4.0 Dodging
 - Level 6.8 Stealth


You had 6 spell levels left.
You didn't know any spells.
Your spell library contained the following spells:

 Spells                   Type           Power      Damage    Failure   Level
 Dazzling Flash           Conj/Hex       0%         N/A       98%         3
 Mephitic Cloud           Conj/Alch/Air  0%         N/A       98%         3
 Tukima's Dance           Hex            0%         N/A       98%         3
 Passage of Golubria      Tloc           0%         N/A       100%        4
 Curse of Agony           Necr           0%         N/A       100%        5
 Silence                  Hex/Air        0%         N/A       100%        5
 Yara's Violent Unravell  Hex/Alch       0%         3d3       100%        5


Dungeon Overview and Level Annotations

Branches:
Dungeon (5/15)
 Temple: D:4-7

Altars:
Fedhas

Shops:
D:1 (

Annotations:
D:2 1 runed translucent door, Crazy Yiuf
D:4 1 transporter, 1 exclusion
D:5 exclusion: centaur


Innate Abilities, Weirdness & Mutations

You cannot be hasted, slowed, berserked, paralysed or teleported.
You can dig through walls and to a lower floor.
You have a pair of large antennae on your head. (SInv)
Your four strong arms can wield two-handed weapons with a shield.


Message History

You barely miss the gnoll.
The gnoll is almost dead.
Your quokka bites the gnoll.
The gnoll dies!
Unknown command.
You closely miss the gnoll bouda.
The gnoll bouda is moderately wounded.
The gnoll bouda hits the plant with a +0 whip!
The plant begins to die.
You puncture the gnoll bouda!
Your attack snaps the gnoll bouda out of its fear.
The gnoll bouda is severely wounded.
Cornered, the gnoll turns to fight!
The gnoll bouda hits the plant with a +0 whip!
Cornered, the gnoll bouda turns to fight!
Your quokka bites the gnoll bouda.
You barely miss the gnoll bouda.
The gnoll bouda is severely wounded.
The gnoll bouda hits you with a +0 whip.
Your quokka barely misses the gnoll bouda.
You closely miss the gnoll bouda.
The gnoll bouda is severely wounded.
The gnoll bouda hits you with a +0 whip.
* * * LOW HITPOINT WARNING * * *
Your quokka bites the gnoll bouda.
You hit the gnoll bouda.
You feel better.
The gnoll bouda is almost dead.
A nearby plant withers and dies.
The gnoll bouda gazes fiercely through you!
You feel your attacks grow feeble.
The gnoll bouda hits you with a +0 whip!
* * * LOW HITPOINT WARNING * * *
Your quokka bites the gnoll bouda but does no damage.
You closely miss the gnoll bouda.
The gnoll bouda is almost dead.
Your quokka bites the gnoll bouda but does no damage.
The gnoll hits you from afar with a +0 spear.
* * * LOW HITPOINT WARNING * * *
The gnoll bouda hits you with a +0 whip.
You die...

#..≈≈≈≈≈≈≈≈~≈≈≈≈≈≈≈≈.##
##.≈≈####.....####≈≈.#
#.≈≈#..#8###8#..#≈≈.#
#.≈≈#..###.###..#≈≈.#
##.≈≈#...........#≈≈.#
#..≈≈###.##'##.###≈≈.#
#..≈≈..#.#.g.#.#..≈≈.#
#..≈≈.##.#⌠.g#.##.≈≈.#
#..≈≈.#..#P@r#..#.≈≈.#
#..≈≈.##.##)##.##.≈≈.#
#......#.#...#.#..≈≈.####
#.....©#.'.©.'.#©.~~...>#
#......#.#8⌠8#.#..≈≈.##.####
#..≈≈.##.#####.##.≈≈....#...
#..≈≈.#©g# #..#.≈≈..#.....
#..≈≈.##{# { #.##.≈≈.####.[.
#..≈≈..#{#$ #.#..≈≈.# #...


You could see a gnoll bouda (ally target), a gnoll and a friendly quokka
(summoned).

Vanquished Creatures
  A black bear (D:4)
  A vampire bat (D:4)
  A bombardier beetle (D:3)
  2 orc priests
  Natasha (thrice) (D:2)
  5 orc wizards
  A gnoll (D:4)
  6 adders
  A ribbon worm (D:2)
  4 orcs
  17 bats
  2 endoplasms
  2 giant cockroaches
  12 goblins
  6 hobgoblins
  11 jackals
  9 kobolds
  5 quokkas
  8 ball pythons
  4 frilled lizards
  8 rats
109 creatures vanquished.

Vanquished Creatures (collateral kills)
  2 gnolls (D:4)
2 creatures vanquished.

Grand Total: 111 creatures vanquished

Notes
Turn   | Place    | Note
-------+----------+-------------------------------------------
     0 | D:5      | Jannitor the Formicid Delver began the quest for the Orb.
     0 | D:5      | Reached XP level 1. HP: 18/18 MP: 1/1
    53 | D:5      | Noticed a centaur
   306 | D:2      | Reached XP level 2. HP: 24/24 MP: 2/2
   447 | D:2      | Reached XP level 3. HP: 15/29 MP: 3/3
   946 | D:1      | Found Eghes's Weapon Shop.
  1432 | D:2      | Reached XP level 4. HP: 37/37 MP: 4/4
  1688 | D:2      | Noticed Natasha
  1694 | D:2      | Killed Natasha
  1833 | D:2      | Noticed Natasha
  1850 | D:2      | Killed Natasha
  1851 | D:2      | Reached XP level 5. HP: 37/42 MP: 5/5
  1899 | D:2      | Found a blossoming altar of Fedhas.
  2049 | D:2      | Noticed Natasha
  2077 | D:2      | Killed Natasha
  2502 | D:2      | Found a runed translucent door.
  2503 | D:2      | Noticed Crazy Yiuf
  3040 | D:4      | Reached XP level 6. HP: 46/47 MP: 6/6
  3048 | D:4      | Reached skill level 1 in Armour
  3645 | D:3      | Reached XP level 7. HP: 39/55 MP: 7/7
  3866 | D:4      | Reached skill level 5 in Fighting
  4742 | D:4      | Found a transporter.
  4748 | D:4      | Found a transporter.
  4809 | D:4      | HP: 1/56 [gnoll/+0 spear (6)]
  4809 | D:4      | Slain by a gnoll bouda

Illustrated notes

Levels and vault maps discovered:
D:1:      elethiomel_arrival_infinity_welcomes_careful_drivers,
          layout_loops_cross, serial_shops, nicolae_shop_waterfront,
          chequers_serial_rivers_large_b, minmay_pentomino_r2
D:2:      layout_basic, basic_altar, minivault_5, uniq_crazy_yiuf_cottage,
          uniq_natasha
D:3:      layout_basic
D:4:      layout_loops_ring, gammafunk_ghost_gnarly_gnolls, goddamned_bats
D:5:      layout_loops_ring, grunt_decor_cap

Skill      XL: |  1  2  3  4  5  6  7 |
---------------+----------------------+-----
Dodging        | 2 3 4 |  4.0
Fighting       | 4 5 |  5.5
Polearms       | 3 4 |  4.3
Armour         | 2 3 |  3.0
Stealth        | |  6.8

Action                     |  1- 3 |  4- 6 |  7- 9 || total
---------------------------+-------+-------+-------++-------
  Melee: Spear             |    95 |   122 |    11 ||   228
         Trident           |       |   133 |    72 ||   205
         Punch             |       |     2 |     1 ||     3
  Throw: Dart              |       |     2 |     2 ||     4
Ability: Dig               |       |     1 |       ||     1
    Use: Scroll            |     1 |     2 |    10 ||    13
         Potion            |     1 |     4 |       ||     5
   Stab: Sleeping          |    17 |     9 |    10 ||    36
         Distracted        |       |     1 |       ||     1
 Armour: Leather armour    |    32 |    36 |       ||    68
         Scale mail        |       |   106 |    62 ||   168
         Ring mail         |       |    10 |       ||    10
         Skin              |       |     6 |       ||     6
  Dodge: Dodged            |    27 |   149 |    37 ||   213

Table legend: (Time is in decaauts)
 A = Elapsed time spent in this place.
 B = Non-inter-level travel time spent in this place.
 C = Inter-level travel time spent in this place.
 D = Time resting spent in this place.
 E = Time spent auto-exploring this place.
 F = Levels seen in this place.
 G = Mean time per level.
                   A        B        C        D        E       F      G
               +--------+--------+--------+--------+--------+-----+--------+
         Total |   4879 |   4588 |    291 |    693 |   2501 |   5 |  975.8 |
       Dungeon |   4879 |   4588 |    291 |    693 |   2501 |   5 |  975.8 |
               +--------+--------+--------+--------+--------+-----+--------+

Top non-repeatable levels by time:
     D:2: 1714 daAuts
     D:3: 1266 daAuts
     D:1: 910 daAuts
     D:4: 893 daAuts
     D:5: 96 daAuts
